Map: 카이로스 정션 - 래더

Players

Bunny

  • Race: Terran Terran
  • League: Diamond
  • Spawn Location: 11:00

HellraiseR - Winner!

  • Race: Protoss Protoss
  • Spawn Location: 5:00

Event: HomeStory Cup XIX

VOD

Have the link to the VOD?

Description

Time

  • Played on: June 28, 2019, 11:16 a.m.
  • Length: 5:58

All games in this series

Show
View Real Time Build Order
Export as new Build Order

Bunny Terran 

Build Orders: Gas First Reaper Expand 

Get SALT Encoding   

  12  0:00  SCV  
  13  0:13  SCV  
  14  0:16  Supply Depot  
  14  0:25  SCV  
  14  0:27  Refinery  
  15  0:38  SCV  
  16  0:44  Barracks  
  16  0:50  SCV  
  17  1:02  SCV  
  18  1:14  SCV  
  19  1:32  Orbital Command, Reaper  
  20  1:45  Command Center  
  20  1:56  Factory  
  20  2:00  SCV  
  21  2:06  Barracks Reactor  
  21  2:10  Supply Depot  
  21  2:14  SCV  
  22  2:26  SCV  
  22  2:29  Refinery  
  23  2:38  SCV  
  24  2:46  Hellion  
  24  2:47  Hellion  
  24  2:48  Barracks Tech Lab  
  24  2:50  SCV  
  29  2:55  Barracks  
  30  2:59  Orbital Command  
  30  3:04  Orbital Command  
  29  3:08  Hellion  
  29  3:10  Hellion  
  29  3:11  SCV  
  34  3:23  SCV  
  35  3:34  Marine  
  35  3:35  Marine  
  35  3:36  SCV  
  35  3:37  SCV, Cyclone  
  42  3:42  Supply Depot  
  42  3:44  Barracks Tech Lab  
  42  3:48  SCV  
  43  3:49  SCV  
  43  3:54  Engineering Bay  
  42  3:55  Marine  
  42  3:56  Marine  
  42  4:08  Marine  
  38  4:10  Siege Tank  
  38  4:12  SCV x2  
  38  4:13  Marine x2  
  38  4:15  Bunker  
  45  4:24  SCV x2  
  45  4:30  Starport  
  47  4:35  Barracks  
  47  4:37  Refinery  
  47  4:41  SCV x2  
  49  4:46  Supply Depot  
  49  4:47  Marine  
  49  4:48  Marine  
  49  4:49  Marine  
  52  4:53  SCV  
  53  5:05  SCV, Supply Depot  
  54  5:08  Siege Tank, SCV  
  54  5:10  Starport Reactor  
  54  5:11  Marine x2  
  60  5:18  SCV, Supply Depot  
  60  5:20  SCV  
  62  5:26  Missile Turret  
  62  5:28  Barracks Tech Lab  
  62  5:31  Marauder, Marine  
Show
View Real Time Build Order
Export as new Build Order

HellraiseR Protoss - Winner!

Build Orders: 1 Gate Expand 

Get SALT Encoding   

  12  0:00  Probe  
  13  0:12  Probe  
  14  0:16  Pylon  
  14  0:21  Probe  
  15  0:30  Probe  
  16  0:36  Gateway  
  16  0:40  Probe  
  16  0:45  Assimilator  
  17  0:53  Probe  
  18  1:05  Probe  
  19  1:18  Nexus  
  19  1:21  Probe  
  20  1:31  Cybernetics Core  
  20  1:34  Probe  
  20  1:39  Assimilator  
  21  1:46  Probe  
  22  1:49  Pylon  
  22  1:58  Stalker, Probe  
  23  2:06  Probe  
  23  2:07  Warp Gate  
  25  2:14  Probe  
  27  2:25  Probe  
  27  2:26  Probe  
  27  2:27  Stalker  
  31  2:37  Probe x2  
  31  2:38  Robotics Facility  
  33  2:48  Probe  
  33  2:49  Probe  
  35  2:57  Stalker  
  37  3:00  Probe  
  37  3:01  Probe  
  39  3:08  Gateway  
  39  3:12  Gateway  
  39  3:18  Observer  
  41  3:21  Twilight Council  
  40  3:27  Pylon  
  40  3:28  Probe x2  
  42  3:37  Warp Prism  
  42  3:40  Probe x2  
  46  3:43  Pylon  
  46  3:46  Charge  
  46  3:55  Stalker  
  47  3:56  Probe  
  40  4:14  Gateway  
  40  4:16  Gateway  
  40  4:17  Gateway  
  40  4:25  Gateway  
  40  4:33  Zealot x3  
  45  4:40  Probe  
  45  4:41  Probe  
  47  4:46  Gateway  
  47  4:57  Zealot x3  
  53  5:00  Probe  
  53  5:02  Pylon  
  54  5:10  Pylon  
  54  5:11  Observer  
  54  5:12  Probe, Zealot  
  54  5:13  Zealot  
  60  5:15  Zealot  
  60  5:20  Pylon  
  62  5:40  Zealot x6  
  62  5:41  Zealot  
Tags
 
Add a new tag
Caveats
  • Supply blocks, unpowered buildings, or Contaminate may cause inaccurate times.
  • Supply counts are checked every 10 seconds.